 Dungeon Crawl Stone Soup version 0.26-a0-612-gd4d190f45e (webtiles) character file.

Game seed: 13090611100942137803

125776 Krehm the Warrior (level 16, -3/155 HPs)
             Began as a Hill Orc Monk on Sept 7, 2020.
             Was a High Priest of Beogh.
             Collided with Ortolf (24 damage)
             ... caused by a nagaraja
             ... on level 4 of the Snake Pit on Sept 8, 2020.
             The game lasted 02:58:33 (40499 turns).

Krehm the Warrior (Hill Orc Monk)                  Turns: 40499, Time: 02:58:34

Health: -3/155     AC: 32    Str: 21    XL:     16   Next: 96%
Magic:  3/28       EV:  7    Int: 10    God:    Beogh [*****.]
Gold:   1283       SH: 12    Dex: 13    Spells: 15/15 levels left

rFire    + . .     SeeInvis .   M - +8 demon trident (freeze)
rCold    . . .     Faith    .   A - +0 kite shield
rNeg     + . .     Spirit   .   o - +3 plate armour {rF+}
rPois    .         Reflect  .   r - +2 helmet
rElec    .         Harm     .   R - +2 cloak {MR+}
rCorr    +         Clarity  +   k - +0 pair of gloves
MR       +++++                  (no boots)
Stlth    ..........             V - amulet of the Four Winds {rN+ MR+++ Clar}
HPRegen  0.35/turn              Y - ring "Qakabao" {AC+4 Stlth+}
MPRegen  0.21/turn              J - ring of resist corrosion

@: lethally poisoned (-3 -> -3)
A: walk on water
a: Smiting, Recall Orcish Followers, Give Item to Named Follower, Renounce
Religion


You were on level 4 of the Snake Pit.
You worshipped Beogh.
Beogh was extremely pleased with you.
You visited 6 branches of the dungeon, and saw 30 of its levels.
You also visited: Sewer and Bailey.

You collected 3175 gold pieces.
You spent 1892 gold pieces at shops.

Inventory:

Hand Weapons
 p - a +3 glaive
 x - a +0 broad axe
 G - a +2 halberd of flaming
 M - a +8 demon trident of freezing (weapon)
 O - a +2 glaive of protection
 S - a +0 trident
Missiles
 v - 13 throwing nets
 w - 98 poisoned darts (quivered)
Armour
 k - a +0 pair of gloves (worn)
 o - a +3 plate armour of fire resistance (worn)
 r - a +2 helmet (worn)
 A - a +0 kite shield (worn)
 R - a +2 cloak of magic resistance (worn)
Jewellery
 d - the ring of Fixation {rN+ Slay+4 Stlth+}
   (You took it off a naga on level 2 of the Snake Pit)

   [ring of slaying]

   It affects your accuracy and damage with ranged weapons and melee attacks
   (+4).
   It protects you from negative energy.
   It makes you more stealthy.
 y - an uncursed ring of see invisible
 z - an uncursed ring of positive energy
 J - a ring of resist corrosion (right hand)
 Q - an uncursed ring of stealth
 V - the amulet of the Four Winds (around neck) {rN+ MR+++ Clar}
   (You bought it in a shop on level 2 of the Orcish Mines)

   [amulet of nothing]

   It protects you from negative energy.
   It affects your resistance to hostile enchantments.
   It protects you against confusion.
 Y - the ring "Qakabao" (left hand) {AC+4 Stlth+}
   (You bought it in a shop on level 2 of the Orcish Mines)

   [ring of protection]

   It affects your AC (+4).
   It makes you more stealthy.
 Z - an uncursed amulet of regeneration
Wands
 g - a wand of enslavement (21)
 h - a wand of iceblast (26)
 u - a wand of acid (21)
 H - a wand of polymorph (44)
 K - a wand of paralysis (35)
 L - a wand of random effects (21)
 N - a wand of disintegration (19)
 W - a wand of flame (16)
Scrolls
 a - 14 scrolls of teleportation
 c - 5 scrolls of identify
 e - 19 scrolls of remove curse
 n - 5 scrolls of fear
 B - a scroll of holy word
 C - a scroll of summoning
 D - 8 scrolls of enchant armour
 I - 5 scrolls of blinking
 P - 2 scrolls of fog
 T - a scroll of enchant weapon
Potions
 b - 14 potions of curing
 f - 5 potions of might
 i - 8 potions of mutation
 j - 5 potions of heal wounds
 l - 2 potions of cancellation
 m - a potion of invisibility
 q - 5 potions of haste
 s - a potion of berserk rage
 t - 6 potions of lignification
 E - 3 potions of ambrosia
 F - 5 potions of flight
 X - 4 potions of resistance


   Skills:
 + Level 17.0 Fighting
 - Level 14.1(16.2) Axes
 - Level 12.0(14.0) Polearms
 + Level 14.4 Armour
 - Level 2.4 Dodging
 - Level 1.5 Stealth
 * Level 11.5 Shields
 + Level 16.1 Invocations


You had 15 spell levels left.
You didn't know any spells.
Your spell library contained the following spells:

 Spells                   Type           Power        Failure   Level
 Animate Skeleton         Necr           #.....       99%         1
 Apportation              Tloc           #.....       99%         1
 Corona                   Hex            #......      99%         1
 Shock                    Conj/Air       #...         99%         1
 Summon Small Mammal      Summ           #...         99%         1
 Call Imp                 Summ           #.......     100%        2
 Ensorcelled Hibernation  Hex/Ice        #.....       100%        2
 Swiftness                Air            #.......     100%        2
 Call Canine Familiar     Summ           #.......     100%        3
 Confusing Touch          Hex            #.......     100%        3
 Dazzling Flash           Conj/Hex       #.....       100%        3
 Static Discharge         Conj/Air       #.......     100%        3
 Summon Guardian Golem    Hex/Summ       #.......     100%        3
 Tukima's Dance           Hex            #.......     100%        3
 Airstrike                Air            #.........   100%        4
 Summon Ice Beast         Ice/Summ       #.......     100%        4
 Summon Lightning Spire   Summ/Air       #.......     100%        4
 Bolt of Magma            Conj/Fire/Erth #.........   100%        5
 Irradiate                Conj/Tmut      #.........   100%        5
 Iskenderun's Battlesphe  Conj           #.......     100%        5
 Lightning Bolt           Conj/Air       #.........   100%        5
 Hydra Form               Tmut           #.........   100%        6
 Iron Shot                Conj/Erth      #.........   100%        6
 Statue Form              Tmut/Erth      #........    100%        6
 Dragon Form              Tmut           #.........   100%        7
 Orb of Destruction       Conj           #.........   100%        7
 Spellforged Servitor     Conj/Summ      #.........   100%        7


Dungeon Overview and Level Annotations

Branches:
Dungeon (15/15)            Temple (0/1) D:5            Lair (6/6) D:9
  Swamp (1/4) Lair:3        Snake (4/4) Lair:3        Slime (0/5) Lair:5
    Orc (2/2) D:12            Elf (2/3) Orc:2        Vaults (0/5) D:13
 Depths (0/5) D:15          Sewer (visited)          Bailey (visited)

Altars:
Cheibriados
Elyvilon
Hepliaklqana
Sif Muna
Xom
Yredelemnul
Zin
Beogh

Shops:
D:7 !   Orc:2 =:([   Snake:1 }(   Snake:2 *

Annotations:
Lair:3 3 runed translucent doors, exclusion: 3 doors, tape's ghost, journeyman OpIE
Snake:1 1 runed translucent door, exclusion: door, haldagan's ghost, journeyman DgTm


Message History

The naga mage blinks!
The black mamba blinks!
The nagaraja hits your orc knight but does no damage.
Your orc knight hits the salamander with a +0 short sword!!
The salamander dies!
Beogh accepts your kill.
Beogh blesses Ortolf with healing.
Your Fighting skill increases to level 17!
A mana viper comes into view.
The naga spits poison at you.
The splash of poison hits Ortolf.
You block the black mamba's attack.
You hear a shout!
Unknown command.
Unknown command.
You completely miss the naga sharpshooter.
You feel sick. The naga hits you but does no damage.
You block the naga's attack.
The nagaraja points at Ortolf and mumbles some strange words.
The lance of force hits Ortolf!!!
Ortolf is knocked back by the lance of force.
Ortolf collides with you!
You die...

##)# #.## ###...#.### #)##
..#####......## #
#..####.##........).#
#.#.(....# ##........##
#.o.##('#####.........o##
#...##)()†###..........o4#
....##..)..)###.<.......oo##
.##.##...##NNN##...)....#ooo#
###N).# ##@S(##.......##oo.
#...# ##o)N##......###o.
#...# #)N.##...### #.. ....
NNS.#########.o N. NS..#
#..#o. .SN.. #...o# N#..
#...o. S##. #..... ##(...


You could see a naga warrior, a nagaraja (fast, catching breath), a naga
sharpshooter, a naga ritualist, a mana viper, 3 guardian serpents, a black
mamba, a naga mage (fast), 5 nagas and the friendly Ortolf the orc knight
(strong, very poisoned).

Vanquished Creatures
  Kirke (D:12)
  3 nagarajas
  An orc warlord (Orc:2)
  A deep elf sorcerer (Elf:2)
  A deep elf demonologist (Elf:1)
  Josephine (D:10)
  A deep elf high priest (Elf:1)
  A hydra (D:15)
  4 naga warriors
  An ice dragon (D:15)
  A death knight (D:15)
  4 anacondas
  A centaur warrior (D:14)
  An orc high priest (Orc:1)
  An ogre mage (D:13)
  3 two-headed ogres
  A dancing weapon (Elf:1)
  Urug (Lair:3)
  2 tengu warriors
  4 naga sharpshooters
  A deep elf knight (Elf:1)
  A salamander mystic (Snake:4)
  3 unseen horrors
  2 skeletal warriors (D:13)
  A swamp dragon (Swamp:1)
  2 naga ritualists
  2 deep elf archers (Elf:1)
  Pikel (D:6)
  3 wizards
  A wolf spider zombie (D:15)
  4 mana vipers
  A salamander (shapeshifter) (Elf:1)
  14 deep elf magi
  A manticore (shapeshifter) (Elf:2)
  3 ugly things
  3 cyclopes
  A slime creature (D:15)
  A manticore (D:15)
  3 salamanders
  2 elephants (Lair:6)
  Maurice (D:8)
  13 black mambas
  6 naga magi
  A guardian serpent (Snake:3)
  4 komodo dragons
  5 cane toads
  An efreet (D:13)
  3 rime drakes
  A tengu conjurer (D:15)
  A queen bee (Lair:2)
  A merfolk (D:12)
  5 trolls
  2 meliai (D:14)
  2 blink frogs (Lair:5)
  A tyrant leech (Swamp:1)
  2 dream sheep (Lair:4)
  5 hippogriffs
  20 yaks
  An air elemental (Elf:2)
  A shadow (D:14)
  A vampire (D:9)
  4 basilisks
  2 wyverns
  2 wraiths
  Eustachio (D:4)
  7 humans (D:13)
  3 steam dragons
  A naga (shapeshifter) (D:15)
  Menkaure (D:7)
  2 wargs
  12 nagas
  2 acid dragons (Lair:6)
  6 water moccasins
  4 porcupines
  2 ice beasts (D:11)
  2 black bears
  4 orc warriors
  An eye of draining (D:9)
  5 sky beasts
  A phantom (D:8)
  A swamp drake (Swamp:1)
  9 ogres
  2 wolves (Lair:1)
  A necrophage (D:7)
  15 centaurs
  9 crocodiles
  5 big kobolds
  Blork the orc (D:6)
  16 bullfrogs
  8 gnoll sergeants (Bailey)
  A wyvern zombie (D:9)
  5 scorpions
  18 wights
  16 killer bees (Lair:2)
  A centaur zombie (D:12)
  2 bullfrog zombies
  13 jellies
  2 orc priests
  6 gnoll shamans (Bailey)
  3 centaur skeletons
  10 hounds
  4 iguanas
  Terence (D:3)
  5 worker ants
  3 orc wizards
  A hell rat (Lair:1)
  2 hound skeletons
  27 gnolls
  18 adders
  A howler monkey skeleton (D:7)
  6 river rats
  4 white imps
  3 oozes
  An adder zombie (D:6)
  A worm (D:3)
  2 dart slugs
  6 leopard geckos
  17 orcs
  5 ball pythons
  11 giant cockroaches
  4 goblins
  11 hobgoblins
  14 jackals
  9 bats
  8 frilled lizards
  40 kobolds
  A leopard gecko skeleton (D:9)
  A quokka skeleton (D:5)
  27 rats
600 creatures vanquished.

Vanquished Creatures (collateral kills)
  Jorgrun (D:14)
  Agnes (Snake:1)
  3 nagarajas
  Aizul (Snake:1)
  A fire dragon (Lair:6)
  5 naga warriors
  8 hydras
  3 vault guards (D:13)
  A shambling mangrove (Swamp:1)
  2 two-headed ogres
  4 anacondas
  4 ogre magi (D:14)
  3 naga sharpshooters (Snake:4)
  A shock serpent (Snake:3)
  4 spriggans (Swamp:1)
  Sonja (Orc:1)
  4 skeletal warriors (D:13)
  The ghost of Sar the Skirmisher, a novice DsBr of Fedhas (D:8)
  2 salamander mystics (Snake:4)
  A swamp dragon (Lair:6)
  A wizard (D:13)
  A naga ritualist (Snake:1)
  2 deep elf archers
  A necromancer (D:13)
  An oklob plant (Lair:6)
  4 mana vipers
  2 orc sorcerers
  2 cyclopes (D:14)
  11 deep elf magi
  5 salamanders
  2 manticores
  2 ugly things (D:15)
  4 naga magi
  5 elephants
  17 black mambas
  10 cane toads
  A centaur zombie (D:14)
  A gargoyle (D:15)
  A centaur skeleton (D:13)
  3 komodo dragons
  2 kobold demonologists (D:13)
  A tengu conjurer (D:15)
  3 trolls
  A polar bear (Lair:6)
  A meliai (D:14)
  A tyrant leech (Swamp:1)
  4 hornets (Swamp:1)
  A bog body (Swamp:1)
  9 dream sheep (Lair:4)
  3 blink frogs (Lair:5)
  4 hippogriffs
  A water elemental (Elf:1)
  A redback (shapeshifter) (D:15)
  4 wraiths
  2 wyverns
  9 humans (D:13)
  24 yaks
  A hog (D:12)
  3 steam dragons
  2 wargs
  An acid dragon (Lair:6)
  21 nagas
  6 porcupines
  4 water moccasins
  6 orc warriors
  An ice beast (D:15)
  5 ogres
  A phantom (D:12)
  7 wolves
  6 centaurs
  7 crocodiles
  A big kobold (D:11)
  7 bullfrogs
  10 killer bees (Lair:2)
  3 howler monkeys (D:13)
  6 wights
  3 electric eels
  3 jellies (Lair:5)
  3 orc priests
  An iguana (Lair:6)
  6 orc wizards
  3 worker ants
  A hell rat (Lair:1)
  2 adders (D:8)
  8 river rats (Lair:1)
  An ooze (Lair:5)
  9 orcs
  4 goblins (Orc:1)
  6 kobolds
  A bush (Lair:6)
347 creatures vanquished.

Vanquished Creatures (others)
  2 orc warlords (Snake:4)
  A deep elf knight (Elf:1)
  2 orc sorcerers
  12 orc knights
  14 orc warriors
  22 orc wizards
  17 orc priests
  55 orcs
  A kobold (D:7)
  A bush (Lair:6)
  35 fungi
  69 plants
  2 withered plants (Snake:1)
233 creatures vanquished.

Grand Total: 1180 creatures vanquished

Notes
Turn   | Place    | Note
-------+----------+-------------------------------------------
     0 | D:1      | Krehm the Hill Orc Monk began the quest for the Orb.
     0 | D:1      | Reached XP level 1. HP: 19/19 MP: 1/1
   216 | D:1      | Reached XP level 2. HP: 21/27 MP: 2/2
   474 | D:1      | Reached skill level 4 in Fighting
   696 | D:1      | Reached skill level 5 in Axes
   697 | D:1      | Reached XP level 3. HP: 33/33 MP: 3/3
  1730 | D:2      | Reached XP level 4. HP: 38/41 MP: 4/4
  2789 | D:3      | Reached XP level 5. HP: 38/47 MP: 5/5
  2958 | D:3      | Reached skill level 5 in Fighting
  3275 | D:3      | Noticed Terence
  3308 | D:3      | Killed Terence
  3742 | D:4      | Found a glowing drain.
  3763 | Sewer    | Entered a sewer
  3793 | Sewer    | Reached XP level 6. HP: 47/56 MP: 6/6
  4341 | Sewer    | Reached skill level 6 in Fighting
  4341 | Sewer    | Reached XP level 7. HP: 48/63 MP: 7/7
  4945 | D:4      | Noticed Eustachio
  4974 | D:4      | Killed Eustachio
  5236 | D:4      | You fall into a shaft and drop 3 floors!
  5242 | D:7      | Reached skill level 7 in Fighting
  5242 | D:7      | Reached skill level 10 in Axes
  5242 | D:7      | Reached XP level 8. HP: 69/73 MP: 8/8
  5313 | D:7      | Noticed a wyvern
  5324 | D:7      | Killed a wyvern
  5384 | D:7      | Found Amuin's Distillery.
  5486 | D:7      | Reached skill level 8 in Fighting
  5609 | D:6      | Noticed Pikel
  5637 | D:6      | Killed Pikel
  5637 | D:6      | Reached XP level 9. HP: 53/82 MP: 9/9
  5853 | D:6      | Found a basalt altar of Yredelemnul.
  5856 | D:5      | Entered Level 5 of the Dungeon
  5867 | D:5      | You fall into a shaft and drop 2 floors!
  6073 | D:6      | Noticed Blork the orc
  6085 | D:6      | Killed Blork the orc
  6409 | D:4      | Found a shimmering blue altar of Sif Muna.
  7166 | D:5      | Reached skill level 9 in Fighting
  7257 | D:5      | Found a staircase to the Ecumenical Temple.
  7468 | D:5      | Became a worshipper of Beogh the Brigand
  7468 | D:5      | Reached * piety under Beogh
  7468 | D:5      | Reached ** piety under Beogh
  7779 | D:6      | Reached skill level 1 in Invocations
  8377 | D:6      | Found a hazy altar of Hepliaklqana.
  8627 | D:6      | Found a basalt altar of Yredelemnul.
  9085 | D:6      | Found a hazy altar of Hepliaklqana.
  9600 | D:7      | Reached XP level 10. HP: 47/91 MP: 10/12
  9895 | D:7      | Found a shimmering altar of Xom.
  9964 | D:7      | Got an ebony halberd
  9965 | D:7      | Identified the +7 halberd "Dasualeck" {freeze, Int+6 SInv}
                  | (You found it on level 7 of the Dungeon)
  9989 | D:7      | Identified the +7 long sword "Waibaph" {protect, rF+}
  9992 | D:7      | Reached skill level 5 in Armour
 10054 | D:7      | Noticed Menkaure
 10056 | D:7      | Killed Menkaure
 10272 | D:8      | Reached skill level 1 in Polearms
 10378 | D:8      | Noticed a two-headed ogre
 10386 | D:8      | Killed a two-headed ogre
 10386 | D:8      | Reached skill level 10 in Fighting
 10489 | D:8      | Noticed Maurice
 10498 | D:8      | Killed Maurice
 10498 | D:8      | Reached skill level 5 in Invocations
 10530 | D:8      | Reached *** piety under Beogh
 10596 | D:8      | Found a snail-covered altar of Cheibriados.
 10601 | D:8      | Found a glowing silver altar of Zin.
 10635 | D:8      | Found a transporter.
 10639 | D:8      | Noticed Sar's ghost (novice DsBr)
 10644 | D:8      | Found a transporter.
 10743 | D:9      | Got a dazzling flail
 10744 | D:9      | Identified the +3 flail of Crystal {vorpal, *Slow rN+
                  | Int+4} (You found it on level 9 of the Dungeon)
 11158 | D:9      | Found a staircase to the Lair.
 11411 | D:9      | Reached XP level 11. HP: 83/101 MP: 15/15
 11866 | D:9      | Got an encrusted spear
 11867 | D:9      | Identified the +5 spear of Qocseocra {venom, rN++ MP-9
                  | Str+2 SInv} (You found it on level 9 of the Dungeon)
 12020 | D:10     | Entered Level 10 of the Dungeon
 12213 | D:10     | Gained Bogwald as an ally
 12213 | D:10     | Reached skill level 11 in Fighting
 12621 | D:10     | Noticed Josephine
 12632 | D:10     | Killed Josephine
 12632 | D:10     | Reached skill level 5 in Polearms
 12896 | D:11     | Noticed a brown ugly thing
 12906 | D:11     | Killed a brown ugly thing
 12932 | D:11     | Reached **** piety under Beogh
 13041 | D:11     | Got a smoking hat
 13052 | D:11     | Identified the +0 hat "Waygyuc" {rC+} (You found it on
                  | level 11 of the Dungeon)
 13062 | D:11     | Noticed a manticore
 13066 | D:11     | Killed a manticore
 13139 | D:11     | Noticed an unseen horror
 13150 | D:11     | Killed an unseen horror
 13415 | D:11     | Noticed a purple ugly thing
 13427 | D:11     | Killed a purple ugly thing
 13439 | D:11     | Gained Ugrim as an ally
 13500 | D:11     | Reached skill level 12 in Fighting
 13987 | D:12     | Noticed a cyclops
 13993 | D:12     | Reached ***** piety under Beogh
 13995 | D:12     | Killed a cyclops
 13995 | D:12     | Reached XP level 12. HP: 79/112 MP: 18/18
 14527 | D:12     | Found a staircase to the Orcish Mines.
 14534 | D:12     | Found a roughly hewn altar of Beogh.
 14677 | D:12     | Noticed Kirke
 14691 | D:12     | Killed Kirke
 15493 | Lair:1   | Entered Level 1 of the Lair of Beasts
 15871 | Lair:1   | Reached skill level 10 in Invocations
 16996 | Lair:2   | Reached skill level 13 in Fighting
 17019 | Lair:2   | Reached skill level 10 in Armour
 17629 | Lair:3   | Found a runed translucent gate.
 17629 | Lair:3   | Found a runed translucent gate.
 17629 | Lair:3   | Found a runed translucent gate.
 17631 | Lair:3   | Noticed a 12-headed hydra
 17632 | Lair:3   | Noticed tape's ghost (journeyman OpIE)
 17632 | Lair:3   | Noticed a nine-headed hydra
 17980 | D:8      | Killed Sar's ghost
 18632 | Lair:3   | Found a staircase to the Snake Pit.
 18684 | Lair:3   | Reached XP level 13. HP: 122/122 MP: 21/21
 18691 | Lair:3   | Found a staircase to the Swamp.
 19499 | Lair:3   | Noticed Urug
 19502 | Lair:3   | Killed Urug
 21052 | Lair:5   | Found a staircase to the Slime Pits.
 21754 | Lair:6   | Entered Level 6 of the Lair of Beasts
 21921 | Lair:6   | Reached skill level 14 in Fighting
 21925 | Lair:6   | Reached skill level 10 in Polearms
 22036 | Lair:6   | Reached ****** piety under Beogh
 23115 | Lair:6   | Noticed a fire dragon
 23123 | Lair:6   | Killed a fire dragon
 23123 | Lair:6   | Reached XP level 14. HP: 120/133 MP: 23/23
 23439 | Orc:1    | Entered Level 1 of the Orcish Mines
 23637 | Orc:1    | Found a flagged portal.
 23647 | Bailey   | Entered a bailey
 24181 | Orc:1    | Noticed Sonja
 24190 | Orc:1    | Killed Sonja
 24190 | Orc:1    | Gained Spirok as an ally
 24611 | Orc:2    | Entered Level 2 of the Orcish Mines
 24619 | Orc:2    | Found a staircase to the Elven Halls.
 25405 | Lair:4   | Got an ancient robe
 25406 | Lair:4   | Identified the +0 robe of Leapfrog {rF++ Int+4 Dex-5} (You
                  | found it on level 4 of the Lair of Beasts)
 25646 | Orc:2    | Found a roughly hewn altar of Beogh.
 25646 | Orc:2    | Found Byxethuu's Jewellery Emporium.
 25745 | Orc:2    | Found a roughly hewn altar of Beogh.
 26031 | Orc:2    | Found a roughly hewn altar of Beogh.
 26067 | Orc:2    | Found a roughly hewn altar of Beogh.
 26324 | Orc:2    | Noticed an orc warlord
 26337 | Orc:2    | Killed an orc warlord
 26338 | Orc:2    | Gained Bogdan as an ally
 26374 | Orc:2    | Found Owuss's Antique Armour Shop.
 26375 | Orc:2    | Found a roughly hewn altar of Beogh.
 26379 | Orc:2    | Your ally Bogdan died
 26382 | Orc:2    | Found Ybeitoj's Antique Weapon Boutique.
 26487 | Orc:2    | Found a roughly hewn altar of Beogh.
 26495 | Orc:2    | Found Voypydeu's Book Shop.
 26582 | Orc:2    | Bought the amulet of the Four Winds {rN+ MR+++ Clar} for
                  | 746 gold pieces
 26582 | Orc:2    | Found the amulet of the Four Winds {rN+ MR+++ Clar}
 26582 | Orc:2    | Bought the ring "Qakabao" {AC+4 Stlth+} for 778 gold pieces
 26674 | Orc:2    | Bought a fine battleaxe for 368 gold pieces
 26674 | Orc:2    | Identified the +6 battleaxe of Chaos {antimagic, Str+3
                  | Int+4} (You bought it in a shop on level 2 of the Orcish
                  | Mines)
 26789 | D:13     | Found a white marble altar of Elyvilon.
 27538 | D:13     | Gained Orik as an ally
 27545 | D:13     | Your ally Orik died
 28112 | D:13     | Reached skill level 15 in Fighting
 28148 | D:13     | Found a gate to the Vaults.
 28172 | D:13     | Got a faintly humming robe
 28174 | D:13     | Identified the cursed +1 robe "Efuonym" {Int+3 Dex+5} (You
                  | found it on level 13 of the Dungeon)
 28848 | D:13     | Gained Morbeogh as an ally
 28929 | D:13     | Reached skill level 1 in Shields
 29736 | D:14     | Gained Gorg as an ally
 30236 | D:14     | Noticed Jorgrun
 30246 | D:14     | Killed Jorgrun
 30429 | D:14     | Reached XP level 15. HP: 133/141 MP: 22/25
 30488 | D:14     | Found the +12 glaive of Prune {vorpal}
 31173 | D:15     | Entered Level 15 of the Dungeon
 31283 | D:15     | Found a gate leading to a gauntlet.
 31284 | D:15     | Reached skill level 5 in Shields
 31876 | D:15     | Found a staircase to the Depths.
 31889 | D:15     | Your ally Spirok died
 31891 | D:15     | Your ally Morbeogh died
 32880 | Elf:1    | Entered Level 1 of the Elven Halls
 34168 | Elf:2    | Noticed a deep elf sorcerer
 34175 | Elf:2    | Killed a deep elf sorcerer
 34179 | Elf:2    | Gained Bogward as an ally
 34756 | Swamp:1  | Entered Level 1 of the Swamp
 34952 | Swamp:1  | Reached skill level 16 in Fighting
 35101 | Swamp:1  | Identified the cursed +1 trident of the End of Times
                  | {protect, rF- rN+ Int+2 SInv}
 35115 | Swamp:1  | HP: 4/144 [spriggan rider/+0 spear (15)]
 35523 | Snake:1  | Entered Level 1 of the Snake Pit
 35531 | Snake:1  | Reached skill level 15 in Invocations
 35715 | Snake:1  | Found Umuu's Antique Weapon Shoppe.
 35740 | Snake:1  | Found Rywn's Gadget Emporium.
 35758 | Snake:1  | Reached XP level 16. HP: 147/151 MP: 23/27
 36098 | Snake:1  | Upgraded the game from 0.26-a0-611-g354ed81502 to
                  | 0.26-a0-612-gd4d190f45e
 36346 | Snake:1  | Noticed Aizul
 36360 | Snake:1  | Killed Aizul
 36437 | Snake:1  | Noticed Agnes
 36443 | Snake:1  | Killed Agnes
 36894 | Snake:1  | Found a runed translucent door.
 36909 | Snake:1  | Noticed haldagan's ghost (journeyman DgTm)
 37101 | Snake:2  | Noticed a nagaraja
 37110 | Snake:2  | Killed a nagaraja
 37389 | Snake:2  | Identified the ring of Fixation {rN+ Slay+4 Stlth+}
 37604 | Snake:2  | Noticed a nagaraja
 37605 | Snake:2  | Noticed a nagaraja
 37608 | Snake:2  | Killed a nagaraja
 37617 | Snake:2  | Killed a nagaraja
 37874 | Snake:2  | Reached skill level 10 in Shields
 37990 | Snake:2  | Found Isiahiec's General Store.
 39728 | Snake:3  | Gained Brandogh as an ally
 40238 | Snake:4  | Entered Level 4 of the Snake Pit
 40441 | Snake:4  | Noticed a nagaraja
 40455 | Snake:4  | Gained Morun as an ally
 40456 | Snake:4  | Killed a nagaraja
 40464 | Snake:4  | Noticed a nagaraja
 40467 | Snake:4  | Your ally Morun died
 40470 | Snake:4  | Killed a nagaraja
 40476 | Snake:4  | Gained Blodwig as an ally
 40482 | Snake:4  | Noticed a nagaraja
 40482 | Snake:4  | Your ally Blodwig died
 40482 | Snake:4  | Noticed a nagaraja
 40487 | Snake:4  | Killed a nagaraja
 40488 | Snake:4  | Your ally Gorg died
 40490 | Snake:4  | Your ally Bogward died
 40491 | Snake:4  | Your ally Ugrim died
 40497 | Snake:4  | Your ally Brandogh died
 40498 | Snake:4  | Your ally Bogwald died
 40498 | Snake:4  | Gained Ortolf as an ally
 40498 | Snake:4  | Reached skill level 17 in Fighting
 40499 | Snake:4  | Collided with Ortolf

Illustrated notes

Levels and vault maps discovered:
D:1:      elethiomel_arrival_quiet, layout_basic, st_stairs_3,
          minmay_tromino_v4_a
D:2:      layout_basic
D:3:      layout_basic, uniq_terence
D:4:      layout_layer_cave, kennysheep_mini_moat, gup_sewer_entry_pipe,
          minmay_misc_feat_tower, uniq_eustachio
D:5:      layout_loops_ring, minmay_temple_entry_ruins
D:6:      cheibrodos_thug_alley, layout_loops_corners, kennysheep_little_box,
          yredelemnul_altar_generic, uniq_pikel, uniq_blork_the_orc
D:7:      kennysheep_housing_project, layout_rooms, overflow_temple_1_default,
          serial_shops, shop, uniq_menkaure
D:8:      layout_rooms, grunt_temple_overflow_open, gammafunk_ghost_smash,
          uniq_maurice
D:9:      layout_gridville, lair_entry_dummy
D:10:     layout_basic, uniq_josephine
D:11:     layout_irregular_city
D:12:     layout_irregular_city, minmay_orc_entry_temple_small,
          hangedman_fish_farm, uniq_kirke
D:13:     layout_gridville, grunt_vaults_entry_tiered, elyvilon_altar_5
D:14:     layout_big_octagon, wad_floor_pattern_1, minmay_guarded_unrand_prune,
          uniq_jorgrun
D:15:     hangedman_depths_entry_try_elsewhere_first, layout_loops_ring,
          abandoned_shop, gauntlet_entry_generic
Lair:1:   layout_misc_corridors, kennysheep_rathole, lemuel_fruit_tree,
          serial_bayou_shore_b
Lair:2:   layout_roguey [special_room_bee], st_stairs_8
Lair:3:   layout_cave_pods, swamp_mist, dummy_snake_entry,
          gammafunk_ghost_hydra_chop, serial_bayou_shore_a,
          infiniplex_staircase_pool, grunt_megastairs_3, lemuel_fruit_fields,
          uniq_urug
Lair:4:   layout_regular_city, minivault_25, grunt_megastairs_2
Lair:5:   layout_gridlike, minmay_slime_entry_jelly_boxes, serial_bayou_shore_b
Lair:6:   guppyfry_lair_end_dragon, layout_cave_pods, minmay_lair_oklob_bushes
Swamp:1:  layout_basic_swamp, infiniplex_staircase_pool_2
Snake:1:  layout_rooms, gammafunk_ghost_grave, serial_shops,
          nicolae_shop_crystal, nicolae_shop_behind_doors, uniq_agnes,
          uniq_aizul
Snake:2:  layout_misc_corridors, serial_shops, nicolae_shop_statue_plus
Snake:3:  layout_rooms, grunt_megastairs_1
Snake:4:  johnstein_snake_rune_scales, layout_chambers, serial_bayou_shore_b
Orc:1:    layout_caves, enter_bailey_3, uniq_sonja
Orc:2:    grunt_orc_community_town_hall, layout_caves,
          grunt_orc_community_big_house_2, grunt_orc_community_big_house_1,
          grunt_orc_community_house_3, grunt_orc_community_house_3,
          grunt_orc_community_house_1, grunt_orc_community_house_1,
          grunt_orc_community_house_3, nicolae_orc_stony_grotto
Elf:1:    layout_gridlike, hangedman_corner_corridor, grunt_ministairs_3,
          hangedman_elf_represent
Elf:2:    layout_rooms, special_room [special_room_orc], minivault_27,
          nicolae_elf_glass_and_crystal_pillar_1, chequers_big_river

Skill      XL: |  1  2  3  4  5  6  7  8  9 10 11 12 13 14 15 16 |
---------------+-------------------------------------------------+-----
Fighting       | 4 5 6 7 8 9 10 12 13 14 15 16 17 | 17.0
Axes           | 5 6 7 8 10 12 13 14 | 14.1
Armour         | 2 4 6 8 10 11 12 13 14 | 14.4
Invocations    | 2 6 9 11 12 14 15 16 | 16.1
Polearms       | 4 6 8 10 11 12 | 12.0
Shields        | 4 8 11 | 11.5
Dodging        | |  2.4
Stealth        | |  1.5

Action                   |  1- 3 |  4- 6 |  7- 9 | 10-12 | 13-15 | 16-18 || total
-------------------------+-------+-------+-------+-------+-------+-------++-------
Melee: Hand axe          |   129 |   305 |    29 |       |       |       ||   463
       War axe           |       |       |   171 |       |       |       ||   171
       Halberd           |       |       |   137 |   528 |   413 |       ||  1078
       Staff             |       |       |       |       |     7 |       ||     7
       Demon trident     |       |       |       |       |   242 |   253 ||   495
       Battleaxe         |       |       |       |       |    29 |       ||    29
Throw: Stone             |    20 |    14 |       |       |       |       ||    34
       Dart              |       |    12 |    25 |     6 |       |       ||    43
       Throwing net      |       |       |       |       |     1 |       ||     1
Invok: Convert to Beogh  |       |       |     1 |       |       |       ||     1
       Smiting           |       |       |       |     2 |    23 |    16 ||    41
       Recall Orcish Fol |       |       |       |     2 |    28 |     3 ||    33
       Give Item to Name |       |       |       |     2 |     4 |     1 ||     7
       Stop Recall       |       |       |       |       |     2 |       ||     2
Evoke: Wand              |       |       |       |     1 |       |     1 ||     2
  Use: Scroll            |     4 |     4 |     5 |     9 |    20 |     4 ||    46
       Potion            |     1 |     5 |       |     3 |     3 |     3 ||    15
 Stab: Sleeping          |     5 |       |       |       |     3 |       ||     8
       Distracted        |       |       |       |     1 |     7 |     3 ||    11
Armor: Robe              |    16 |       |       |       |       |       ||    16
       Leather armour    |    27 |     2 |       |       |       |       ||    29
       Scale mail        |       |   118 |   143 |   223 |   209 |       ||   693
       Plate armour      |       |       |       |       |     5 |    87 ||    92
Dodge: Dodged            |    95 |   124 |   143 |   258 |   192 |    22 ||   834
Block: Other             |       |    54 |    47 |       |       |       ||   101
       Reflection        |       |     3 |       |       |       |       ||     3
       Kite shield       |       |       |       |       |    65 |    94 ||   159

Table legend: (Time is in decaauts)
 A = Elapsed time spent in this place.
 B = Non-inter-level travel time spent in this place.
 C = Inter-level travel time spent in this place.
 D = Time resting spent in this place.
 E = Time spent auto-exploring this place.
 F = Levels seen in this place.
 G = Mean time per level.
                   A        B        C        D        E       F      G
               +--------+--------+--------+--------+--------+-----+--------+
         Total |  40367 |  37439 |   2928 |  12407 |  17697 |  32 | 1261.5 |
       Dungeon |  21183 |  19369 |   1814 |   5672 |   9619 |  15 | 1412.2 |
          Lair |   7509 |   6907 |    602 |   2362 |   3412 |   6 | 1251.5 |
         Swamp |    759 |    687 |     72 |    326 |    264 |   1 |  759.0 |
     Snake Pit |   4866 |   4792 |     74 |   1829 |   2317 |   4 | 1216.5 |
  Orcish Mines |   3155 |   2883 |    272 |   1403 |    977 |   2 | 1577.5 |
   Elven Halls |   1573 |   1479 |     94 |    547 |    688 |   2 |  786.5 |
         Sewer |    818 |    818 |      0 |    199 |    295 |   1 |  818.0 |
        Bailey |    501 |    501 |      0 |     68 |    124 |   1 |  501.0 |
               +--------+--------+--------+--------+--------+-----+--------+

Top non-repeatable levels by time:
    D:13: 2994 daAuts
     D:6: 2270 daAuts
   Orc:2: 1953 daAuts
     D:9: 1657 daAuts
 Snake:2: 1595 daAuts
   Elf:1: 1553 daAuts
 Snake:1: 1552 daAuts
  Lair:3: 1532 daAuts
  Lair:2: 1515 daAuts
 Snake:3: 1474 daAuts
    D:14: 1456 daAuts
     D:7: 1442 daAuts
  Lair:6: 1420 daAuts
    D:12: 1358 daAuts
     D:2: 1350 daAuts
